 Dungeon Crawl Stone Soup version 0.24-a0-201-gf205589 (webtiles) character file.

Game seed: 8936245468932452839

10182 Ivan the Cleaver (level 11, -4/102 HPs)
             Began as a Minotaur Fighter on Mar 21, 2019.
             Was a Believer of Trog.
             Slain by Snorg (11 damage)
             ... on level 11 of the Dungeon.
             The game lasted 00:28:17 (9728 turns).

Ivan the Cleaver (Minotaur Fighter)                 Turns: 9728, Time: 00:28:18

Health: -4/102     AC: 12    Str: 33    XL:     11   Next: 32%
Magic:  10/10      EV:  9    Int:  5    God:    Trog [**....]
Gold:   397        SH: 12    Dex: 10    Spells: 10/10 levels left

rFire    . . .     SeeInvis +   a - +0 war axe
rCold    + . .     Gourm    .   c - +0 shield
rNeg     . . .     Faith    .   b - +0 scale mail
rPois    .         Spirit   .   (helmet restricted)
rElec    .         Reflect  .   (no cloak)
rCorr    +         Harm     .   n - +0 pair of gloves
MR       .....                  A - +1 pair of boots of Beyond {+Inv rCorr Str+4 SInv}
Stlth    ..........             (no amulet)
HPRegen  0.27/turn              y - ring of ice
MPRegen  0.12/turn              E - ring of protection from fire

@: mighty
A: retaliatory headbutt, horns 2
a: Berserk, Trog's Hand, Renounce Religion, Evoke Invisibility


You were on level 11 of the Dungeon.
You worshipped Trog.
Trog was pleased with you.
You were not hungry.

You visited 2 branches of the dungeon, and saw 12 of its levels.

You collected 644 gold pieces.
You spent 247 gold pieces at shops.

Inventory:

Hand Weapons
 a - a +0 war axe (weapon)
Armour
 b - a +0 scale mail (worn)
 c - a +0 shield (worn)
 n - a +0 pair of gloves (worn)
 A - the +1 pair of boots of Beyond (worn) {+Inv rCorr Str+4 SInv}
   (You bought it in a shop on level 5 of the Dungeon)

   It affects your strength (+4).
   It lets you see invisible.
   It lets you turn invisible.
   It provides partial protection from all sources of acid and corrosion.
Jewellery
 y - a ring of ice (left hand)
 E - a ring of protection from fire (right hand)
 F - an uncursed ring of ice
 K - an uncursed ring of protection from fire
 O - an uncursed ring of poison resistance {unknown}
Wands
 o - a wand of flame (31)
 t - a wand of polymorph (2)
 w - a wand of iceblast (9)
 I - a wand of acid (22)
 M - a wand of random effects (22)
Scrolls
 e - 3 scrolls of blinking
 j - a scroll of fear
 k - 3 scrolls of immolation
 p - 3 scrolls of remove curse
 q - 2 scrolls of magic mapping
 r - 4 scrolls of enchant weapon
 s - 5 scrolls of teleportation
 v - 3 scrolls of amnesia
 x - 2 scrolls of fog
 C - a scroll of enchant armour
 J - a scroll of silence
Potions
 g - a potion of heal wounds
 h - a potion of invisibility {unknown}
 i - 4 potions of agility
 l - a potion of degeneration {unknown}
 m - 2 potions of resistance {unknown}
 u - 3 potions of flight
 z - a potion of haste {unknown}
 B - a potion of mutation {unknown}
 D - 4 potions of curing
 G - a potion of cancellation {unknown}
 H - a potion of brilliance {unknown}
 L - a potion of lignification {unknown}
Comestibles
 f - 27 rations


   Skills:
 * Level 11.3 Fighting
 + Level 13.2 Axes
 * Level 10.4 Armour
 + Level 8.9 Shields


You had 10 spell levels left.
You didn't know any spells.
Your spell library contained the following spells:

 Spells                   Type           Power        Failure   Level  Hunger
 Animate Skeleton         Necr           N/A          90%         1    ##.....
 Apportation              Tloc           #.....       90%         1    ##.....
 Confusing Touch          Hex            #.....       90%         1    ##.....
 Summon Small Mammal      Summ           #...         90%         1    ##.....


Dungeon Overview and Level Annotations

Branches:
Dungeon (11/15)            Temple (1/1) D:7            Lair (0/6) D:9
    Orc: D:9-12

Altars:
Ashenzari
Cheibriados
Dithmenos
Elyvilon
Fedhas
Gozag
Hepliaklqana
Kikubaaqudgha
Makhleb
Nemelex Xobeh
Okawaru
Qazlal
Ru
Sif Muna
Trog
Uskayaw
Vehumet
Wu Jian
Xom
Yredelemnul
Zin
The Shining One

Shops:
D:5 [*   D:9 ?

Annotations:
D:11 Snorg


Innate Abilities, Weirdness & Mutations

You reflexively headbutt those who attack you in melee.
You have a pair of horns on your head.


Message History

You slash Snorg!
Snorg is severely wounded.
Snorg goes berserk!
You slash Snorg! You headbutt Snorg!
Snorg is almost dead.
You block Snorg's attack. Snorg claws you but does no damage. Snorg claws you!
* * * LOW HITPOINT WARNING * * *
You feel much better. Snorg bites you! Snorg claws you but does no damage.
You block Snorg's attack. Snorg bites you! Snorg claws you.
* * * LOW HITPOINT WARNING * * *
Snorg claws you!
* * * LOW HITPOINT WARNING * * *
You barely miss Snorg.
Snorg is almost dead.
Snorg bites you but does no damage. Snorg claws you but does no damage.
Snorg claws you!
* * * LOW HITPOINT WARNING * * *
You fail to use your ability.
You block Snorg's attack. Snorg closely misses you. You block Snorg's attack.
Snorg bites you!
You die...

..# ... ##.... .. #.....# #. ##.#
........ ..# #..# #........ #.#
##..# ........$####).#.
##..)##.......<.........
................T.......
....#...........@.......
.........##.............
##........#....#.........> ..
....#..#..................# ..
....#..###................. ##..
..>.#....#.................# #...
....##......................##...
...........................(....#
..............#...........#......


You could see Snorg (berserk).

Vanquished Creatures
  Harold (D:10)
  A hydra (D:11)
  A two-headed ogre (D:10)
  An ugly thing (D:11)
  A gargoyle (D:10)
  2 hippogriffs (D:8)
  14 yaks
  A wyvern (D:8)
  A steam dragon (D:9)
  A water moccasin (D:10)
  2 ice beasts
  5 sky beasts
  A necrophage (D:8)
  A phantom (D:10)
  2 black bears
  An eye of draining (D:9)
  5 ogres
  6 centaurs
  6 bullfrogs
  A big kobold (D:8)
  Blork the orc (D:4)
  A wyvern zombie (D:10)
  A wyvern skeleton (D:9)
  4 scorpions
  A water moccasin skeleton (D:8)
  3 killer bees (D:8)
  A howler monkey (D:8)
  3 crimson imps
  A quasit (D:10)
  5 jellies
  A bullfrog zombie (D:11)
  Crazy Yiuf (D:3)
  3 centaur skeletons
  5 hounds
  An orc priest (D:4)
  7 orc wizards
  5 bullfrog skeletons
  Jessica (D:3)
  Natasha (thrice) (D:3)
  Terence (D:2)
  2 iguanas (D:7)
  9 worker ants
  2 hound skeletons (D:7)
  Robin (D:3)
  A howler monkey zombie (D:10)
  A worker ant zombie (D:9)
  14 adders
  3 gnolls
  5 shadow imps
  2 oozes
  5 adder skeletons
  A worm (D:2)
  A dart slug (D:2)
  4 leopard geckos
  23 orcs
  5 giant cockroaches
  19 goblins
  13 hobgoblins
  7 jackals
  11 kobolds
  3 quokkas
  6 bats
  6 frilled lizards
  2 leopard gecko skeletons (D:5)
  10 rats
259 creatures vanquished.

Notes
Turn   | Place    | Note
-------+----------+-------------------------------------------
     0 | D:1      | Ivan the Minotaur Fighter began the quest for the Orb.
     0 | D:1      | Reached XP level 1. HP: 19/19 MP: 0/0
   291 | D:1      | Reached XP level 2. HP: 27/27 MP: 1/1
   848 | D:2      | Reached skill level 3 in Axes
   848 | D:2      | Reached XP level 3. HP: 26/33 MP: 2/2
   893 | D:2      | Noticed Terence
   894 | D:2      | Found a hide-covered altar of Uskayaw.
   908 | D:2      | Killed Terence
   908 | D:2      | Reached XP level 4. HP: 20/40 MP: 3/3
   958 | D:2      | Found a deep blue altar of Sif Muna.
   965 | D:2      | Reached skill level 4 in Axes
  1510 | D:3      | Found a runed translucent door.
  1511 | D:3      | Noticed Crazy Yiuf
  1593 | D:3      | Noticed Robin
  1613 | D:3      | Killed Robin
  1655 | D:3      | Reached XP level 5. HP: 16/46 MP: 4/4
  1692 | D:3      | Found a sacrificial altar of Ru.
  1701 | D:3      | Reached skill level 5 in Axes
  2011 | D:3      | Noticed Jessica
  2017 | D:3      | Killed Jessica
  2086 | D:3      | Noticed Natasha
  2099 | D:3      | Killed Natasha
  2184 | D:3      | Reached XP level 6. HP: 43/53 MP: 5/5
  2258 | D:3      | Noticed Natasha
  2265 | D:3      | Killed Natasha
  2429 | D:3      | Noticed Natasha
  2441 | D:3      | Killed Natasha
  2441 | D:3      | Reached skill level 5 in Shields
  2600 | D:3      | Killed Crazy Yiuf
  2698 | D:4      | Reached skill level 6 in Axes
  2738 | D:4      | Noticed Blork the orc
  2746 | D:4      | Killed Blork the orc
  2746 | D:4      | Reached skill level 5 in Fighting
  2746 | D:4      | Reached skill level 5 in Armour
  2763 | D:4      | Reached XP level 7. HP: 43/61 MP: 6/6
  3214 | D:4      | Reached skill level 7 in Axes
  3471 | D:4      | Found a shadowy altar of Dithmenos.
  3665 | D:5      | Entered Level 5 of the Dungeon
  3698 | D:5      | Found a shattered altar of Ashenzari.
  3719 | D:5      | Found a white marble altar of Elyvilon.
  3719 | D:5      | Found Tyechieg's Assorted Antiques.
  3963 | D:5      | Found an opulent altar of Gozag.
  4031 | D:5      | Found Yvvoepla's Antique Armour Shop.
  4039 | D:5      | Bought a pair of distressingly furry boots for 247 gold
                  | pieces
  4044 | D:5      | Identified the +1 pair of boots of Beyond {+Inv rCorr Str+4
                  | SInv} (You bought it in a shop on level 5 of the Dungeon)
  4370 | D:6      | Reached XP level 8. HP: 70/70 MP: 7/7
  4387 | D:6      | Reached skill level 8 in Axes
  5073 | D:7      | Reached skill level 9 in Axes
  5170 | D:7      | Found a staircase to the Ecumenical Temple.
  5204 | D:7      | Found a sparkling altar of Nemelex Xobeh.
  5204 | D:7      | Found an ornate altar of the Wu Jian Council.
  5204 | D:7      | Found a hazy altar of Hepliaklqana.
  5205 | D:7      | Found a blossoming altar of Fedhas.
  5291 | D:7      | Reached XP level 9. HP: 79/79 MP: 8/8
  5374 | Temple   | Entered the Ecumenical Temple
  5449 | Temple   | Became a worshipper of Trog the Wrathful
  5763 | D:7      | Found a sacrificial altar of Ru.
  5969 | D:8      | Reached skill level 10 in Axes
  6667 | D:8      | You fall through a shaft!
  6696 | D:9      | Reached skill level 11 in Axes
  6712 | D:9      | Reached * piety under Trog
  6812 | D:9      | Found Lyjebb's Magic Scroll Emporium.
  6854 | D:9      | Reached XP level 10. HP: 69/91 MP: 9/9
  7345 | D:9      | Found a staircase to the Lair.
  8157 | D:10     | Entered Level 10 of the Dungeon
  8300 | D:10     | Noticed a gargoyle
  8309 | D:10     | Reached skill level 12 in Axes
  8324 | D:10     | Killed a gargoyle
  8324 | D:10     | Reached skill level 10 in Fighting
  8364 | D:10     | Reached ** piety under Trog
  9086 | D:10     | Noticed a two-headed ogre
  9100 | D:10     | Killed a two-headed ogre
  9100 | D:10     | Reached skill level 10 in Armour
  9100 | D:10     | Reached XP level 11. HP: 97/101 MP: 10/10
  9175 | D:10     | Noticed Harold
  9192 | D:10     | Killed Harold
  9192 | D:10     | Reached skill level 13 in Axes
  9414 | D:11     | Noticed a green ugly thing
  9432 | D:11     | Killed a green ugly thing
  9647 | D:11     | Noticed an eight-headed hydra
  9656 | D:11     | Killed an 11-headed hydra
  9715 | D:11     | Noticed Snorg
  9728 | D:11     | Slain by Snorg

Levels and vault maps discovered:
D:1:      enne_arrival_octagon_isle, layout_basic
D:2:      layout_loops_ring, eat_drink_and_be_merry_uskayaw, lemuel_round_altar,
          kennysheep_generic_room_11, uniq_terence
D:3:      layout_loops_ring, nicolae_ru_awakened_eye, hex_medium, uniq_robin,
          uniq_jessica, uniq_crazy_yiuf_cottage, uniq_natasha
D:4:      layout_layer_cave, lemuel_coloured_pillars_altar, uniq_blork_the_orc
D:5:      layout_basic, elyvilon_altar_5, nicolae_ashenzari_panopticon,
          first_ration, serial_shops, nicolae_shop_crystal, shop, basic_altar,
          minmay_stone_trees_medium, minmay_misc_feat_secret_circle,
          hangedman_decor_push
D:6:      layout_basic, amethyst_killhole
D:7:      layout_basic, chequers_temple_overflow_statue_of_worship,
          minmay_temple_entry_purple_smoke, basic_altar
D:8:      layout_basic, blue_anna_alchemist [blue_anna_fruit_fields,
          blue_anna_fruit_fields], minmay_pinched_square
D:9:      layout_gridville, lair_entry_dummy, serial_shops, shop
D:10:     layout_loops_corners, nicolae_lava_and_water, nooodl_food_tri,
          uniq_harold
D:11:     layout_cave_pools, basic_altar, uniq_snorg
Temple:   nicolae_temple_hex_pool

Skill      XL: |  1  2  3  4  5  6  7  8  9 10 11 |
---------------+----------------------------------+-----
Fighting       | 4 5 6 7 9 10 11 | 11.3
Armour         | 4 5 6 7 8 10 | 10.4
Axes           | 3 4 5 6 7 9 11 12 13 | 13.2
Shields        | 4 5 6 7 8 |  8.9

Action                   |  1- 3 |  4- 6 |  7- 9 | 10-12 || total
-------------------------+-------+-------+-------+-------++-------
Melee: War axe           |    67 |   166 |   273 |   245 ||   751
       Headbutt          |     9 |    31 |    63 |    66 ||   169
       Unarmed           |       |     2 |       |       ||     2
Invok: Berserk           |       |       |       |     2 ||     2
  Use: Scroll            |       |       |    10 |     6 ||    16
       Potion            |       |       |     1 |     5 ||     6
  Eat: Chunk             |       |     2 |     6 |    11 ||    19
       Ration            |       |     1 |     2 |     1 ||     4
Armor: Scale mail        |    31 |    52 |    97 |    81 ||   261
Dodge: Dodged            |    17 |    47 |    70 |    62 ||   196
Block: Shield            |    29 |    87 |   137 |   117 ||   370

Table legend:
 A = Non-vault XP
 B = Vault XP
 C = Vault XP percentage of total XP
 D = Non-vault monster count
 E = Vault monster count
 F = Vault count percentage of total count
                 A         B        C        D         E       F
            +---------+---------+-------+---------+---------+-------
      Total |   11207 |    3339 |  23.0 |     221 |      38 |  14.7
            +---------+---------+-------+---------+---------+-------
        D:1 |      16 |       0 |   0.0 |       9 |       0 |   0.0
        D:2 |      89 |      37 |  29.4 |      33 |       2 |   5.7
        D:3 |     219 |     151 |  40.8 |      39 |      14 |  26.4
        D:4 |     389 |      90 |  18.8 |      21 |       1 |   4.5
        D:5 |     375 |       0 |   0.0 |       9 |       0 |   0.0
        D:6 |     758 |       0 |   0.0 |      15 |       0 |   0.0
        D:7 |    1151 |       0 |   0.0 |      26 |       0 |   0.0
        D:8 |     905 |    1059 |  53.9 |       9 |      14 |  60.9
        D:9 |    1918 |       0 |   0.0 |      25 |       0 |   0.0
       D:10 |    3493 |    2002 |  36.4 |      27 |       7 |  20.6
       D:11 |    1894 |       0 |   0.0 |       8 |       0 |   0.0
            +---------+---------+-------+---------+---------+-------
